 Dungeon Crawl Stone Soup version 0.14-a0-181-gf6fe0c6 (webtiles) character file.

1092 Malachi the Geomancer (level 7, -3/55 HPs)
             Began as a Deep Dwarf Earth Elementalist on Oct 7, 2013.
             Was an Initiate of Makhleb.
             Slain by a sky beast (4 damage)
             ... on Level 5 of the Dungeon.
             The game lasted 00:14:47 (5899 turns).

Malachi the Geomancer (DDEE)                        Turns: 5899, Time: 00:14:47

HP  -3/55        AC  6     Str 11      XL: 7   Next: 67%
MP   9/9         EV 12     Int 18      God: Makhleb [......]
Gold 254         SH  7     Dex 13      Spells:  1 memorised,  7 levels left

Res.Fire  : . . .   See Invis. : .   q - +0,+1 dwarf war axe
Res.Cold  : . . .   Warding    : .   z - +0 elf leather armour
Life Prot.: . . .   Conserve   : .   w - +0 orc buckler
Res.Poison: .       Res.Corr.  : .   l - +0 helmet (curse)
Res.Elec. : .       Clarity    : .   B - +0 cloak
Sust.Abil.: . .     Spirit.Shd : .   o - +0 pair of gloves
Res.Mut.  : .       Stasis     : .   (no boots)
Res.Rott. : .       Flight     : .   (no amulet)
Saprovore : . . .                    (no ring)
                                     (no ring)

@: non-regenerating, somewhat resistant to hostile enchantments, fairly stealthy
A: damage resistance, recharge devices, sense surroundings 1, slow healing 3
a: Device Recharging, Renounce Religion


You were on level 5 of the Dungeon.
You worshipped Makhleb.
Makhleb was noncommittal.
You were hungry.

You visited 2 branches of the dungeon, and saw 6 of its levels.

You collected 234 gold pieces.

Inventory:

Hand weapons
 q - a +0,+1 dwarven war axe (weapon)
 u - a +0,+0 orcish hand axe
Missiles
 h - 6 tomahawks (quivered)
 v - 16 poisoned needles
Armour
 c - a +0 robe
 l - a cursed +0 helmet (worn)
 o - a +0 pair of gloves (worn)
 w - a +0 orcish buckler (worn)
 y - a +0 troll hide {Purgy}
 z - a +0 elven leather armour (worn)
 B - a +0 cloak (worn)
Magical devices
 a - a wand of heal wounds (3)
 C - a wand of random effects (7)
Comestibles
 b - 6 strawberries
 k - a choko
 p - a meat ration
 s - 2 bread rations
Scrolls
 f - a scroll of magic mapping
 i - 2 scrolls of enchant weapon I {unknown}
 j - 5 scrolls of identify
 x - a scroll of remove curse
Jewellery
 t - an uncursed amulet of stasis {unknown}
Potions
 e - 5 potions of curing
 m - 2 potions of might {unknown}
 n - a potion of cure mutation {unknown}
 r - a potion of speed
 D - a potion of brilliance {unknown}
Books
 d - a book of Geomancy

   Spells                             Type                      Level
   *Sandblast                         Earth                        1
   Stoneskin                          Transmutation/Earth          2
   Passwall                           Transmutation/Earth          3
   Stone Arrow                        Conjuration/Earth            3
   Petrify                            Transmutation/Earth          4
   Lee's Rapid Deconstruction         Earth                        5
Magical staves
 A - an uncursed staff of summoning


   Skills:
 + Level 1.1 Fighting
 + Level 1.5 Axes
 + Level 0.3 Throwing
 + Level 0.4 Armour
 + Level 4.9 Dodging
 + Level 3.2 Stealth
 + Level 0.9 Shields
 - Level 1.0 Spellcasting
   Level 0.8 Transmutations
 * Level 9.7 Earth Magic
 + Level 0.8 Evocations


You had 7 spell levels left.
You knew the following spells:

 Your Spells              Type           Power        Failure   Level  Hunger
a - Sandblast             Erth           #####.       1%          1    ##.....


Dungeon Overview and Level Annotations

Branches:
Dungeon (5/27)             Temple (1/1) D:5

Altars:
Cheibriados
Makhleb
Trog
Vehumet
Yredelemnul
Zin


Innate Abilities, Weirdness & Mutations

You are resistant to damage.
You can recharge devices by infusing magical energy.
You passively map a small area around you.
You do not heal naturally.


Message History

* * * LOW HITPOINT WARNING * * *
The sky beast barely misses you.
You barely miss the sky beast.
The sky beast is heavily wounded.
The sky beast flickers out of sight!
Deactivating autopickup; reactivate with Ctrl-A.
It hits you.
* * * LOW HITPOINT WARNING * * *
It shocks you.
* * * LOW HITPOINT WARNING * * *
Unknown command.
Use which ability? (? or * to list)
Okay, then.
Use which ability? (? or * to list) Charge which item? (? for menu, Esc to quit)
Your wand of heal wounds (0) glows for a moment and now has 3 charges.
It hits you.
* * * LOW HITPOINT WARNING * * *
It shocks you!
You die...

#........#
#........#
#........#
#........#
#........#
#........#
#........#
#........#
#......@.#
#........#
#........#
#........#
#........#
#........#
.......#
......#
...


There were no monsters in sight!

Vanquished Creatures
  An ice beast (D:5)
  A sky beast (D:5)
  Purgy (D:3)
  2 crimson imps
  A giant frog skeleton (D:5)
  3 orc wizards
  A scorpion (D:4)
  2 iguanas (D:4)
  2 worker ants
  4 gnolls (D:4)
  5 adders
  A worm zombie (D:5)
  An inept item mimic (D:5)
  4 worms
  A giant mite (D:2)
  An adder zombie (D:5)
  A scorpion zombie (D:5)
  4 giant geckos
  16 orcs
  11 bats
  10 goblins
  6 hobgoblins
  8 kobolds
  5 quokkas
  A giant cockroach (D:4)
  A giant gecko skeleton (D:4)
  2 giant newts
  A giant newt skeleton (D:4)
  11 jackals
  A quokka skeleton (D:4)
  12 rats
121 creatures vanquished.

Notes
Turn   | Place    | Note
--------------------------------------------------------------
     0 | D:1      | Malachi, the Deep Dwarf Earth Elementalist, began the quest for the Orb.
     0 | D:1      | Reached XP level 1. HP: 15/15 MP: 3/3
   281 | D:1      | Reached XP level 2. HP: 22/22 MP: 0/4
  1069 | D:1      | Reached skill level 5 in Earth Magic
  1585 | D:2      | Reached XP level 3. HP: 24/28 MP: 0/5
  3009 | D:3      | Reached XP level 4. HP: 28/36 MP: 1/7
  3094 | D:3      | Noticed Purgy
  3102 | D:3      | Killed Purgy
  3102 | D:3      | Reached skill level 7 in Earth Magic
  3102 | D:3      | Reached XP level 5. HP: 18/42 MP: 1/8
  4120 | D:4      | Reached XP level 6. HP: 33/49 MP: 7/9
  4130 | D:4      | Reached skill level 8 in Earth Magic
  4545 | D:4      | Reached skill level 1 in Fighting
  4994 | D:5      | Entered Level 5 of the Dungeon
  5115 | D:5      | Reached skill level 1 in Axes
  5115 | D:5      | Reached skill level 9 in Earth Magic
  5115 | D:5      | Reached XP level 7. HP: 19/55 MP: 0/10
  5227 | D:5      | Found a staircase to the Ecumenical Temple.
  5329 | Temple   | Entered the Ecumenical Temple
  5381 | Temple   | Became a worshipper of Makhleb the Destroyer
  5898 | D:5      | HP: 2/55 [something (3)]
  5899 | D:5      | Slain by a sky beast

Action                   |  1- 3 |  4- 6 |  7- 9 || total
-------------------------+-------+-------+-------++-------
Melee: Dagger            |    35 |    36 |       ||    71
       War axe           |       |    78 |    70 ||   148
       Mace              |       |    12 |       ||    12
Throw: Tomahawk          |       |       |     6 ||     6
 Cast: Sandblast         |    76 |    80 |    17 ||   173
 Abil: Device Recharging |       |       |     1 ||     1
Evoke: Wand              |       |     3 |     5 ||     8
  Use: Scroll            |       |    11 |     2 ||    13
       Potion            |       |     2 |       ||     2
 Stab: Sleeping          |     1 |     4 |     1 ||     6
       Distracted        |       |       |     1 ||     1
